 Dungeon Crawl Stone Soup version 0.29.1-2-gbd0b4ee654 (webtiles) character file.

Game seed: 10509474614834921258

4412 quakins the Grappler (level 10, -18/109 HPs)
             Began as a Troll Transmuter on Oct 23, 2022.
             Was an Elder of Okawaru.
             Demolished by an orc warrior
             ... wielding a +0 halberd
              (26 damage)
             ... in a bailey.
             The game lasted 00:12:44 (5956 turns).

quakins the Grappler (Troll Transmuter)             Turns: 5956, Time: 00:12:45

Health: -18/109    AC:  5    Str: 24    XL:     10   Next: 14%
Magic:  16/19      EV: 11    Int:  9    God:    Okawaru [****..]
Gold:   186        SH:  0    Dex: 10    Spells: 10/11 levels left

rFire   . . .      SeeInvis .     - Unarmed
rCold   . . .      Faith    .   (no shield)
rNeg    . . .      Spirit   .   a - +0 robe
rPois   .          Reflect  .   (helmet currently unavailable)
rElec   .          Harm     .   A - +0 cloak
rCorr   .          Rampage  .   (gloves unavailable)
Will    .....                   (boots unavailable)
Stlth   +++.......              (no amulet)
HPRegen 1.08/turn               n - ring of magical power
MPRegen 0.16/turn               (no ring)

@: appendages (expiring), heroic
A: horns 2, talons 2, large, unfitting armour, claws 3, regeneration 1, shaggy
fur 1, tough skin 1
a: End Transformation, Renounce Religion, Heroism, Finesse


You were in a bailey.
You worshipped Okawaru.
Okawaru was greatly pleased with you.
You had temporarily grown beastly horns and talons.
You visited 2 branches of the dungeon, and saw 9 of its levels.
You also visited: Sewer and Bailey.

You collected 186 gold pieces.

Inventory:

Missiles
 d - 9 poisoned darts
 e - 2 datura-tipped darts
Armour
 a - a +0 robe (worn)
 t - a +1 hat (melded)
 A - a +0 cloak (worn)
Jewellery
 n - a ring of magical power (left claw)
 r - a +4 ring of protection
 D - a ring of protection from fire
Wands
 b - a wand of flame (12)
Scrolls
 g - 2 scrolls of torment
 i - 2 scrolls of poison
 k - a scroll of blinking {unknown}
 l - 4 scrolls of teleportation
 p - 2 scrolls of magic mapping {unknown}
 q - 4 scrolls of vulnerability {unknown}
 s - 2 scrolls of noise {unknown}
 x - 2 scrolls of amnesia
 y - a scroll of summoning {unknown}
 B - a scroll of fear {unknown}
 E - a scroll of enchant weapon {unknown}
Potions
 c - 2 potions of ambrosia {unknown}
 f - a potion of attraction {unknown}
 h - a potion of mutation {unknown}
 j - 2 potions of haste {unknown}
 m - 4 potions of heal wounds
 o - a potion of magic {unknown}
 u - 3 potions of might {unknown}
 v - a potion of resistance {unknown}
 w - 2 potions of invisibility {unknown}
 z - 2 potions of cancellation {unknown}
 C - 2 potions of brilliance {unknown}


   Skills:
 + Level 9.7(14.7) Fighting
 - Level 1.5(6.5) Dodging
 - Level 10.0(15.0) Unarmed Combat
 - Level 1.2 Spellcasting
 - Level 1.3 Transmutations


You had 10 spell levels left.
You knew the following spells:

 Your Spells              Type           Power      Damage    Failure   Level
a - Beastly Appendage     Tmut           6%         N/A       21%         1

Your spell library contained the following spells:

 Spells                   Type           Power      Damage    Failure   Level
 Wereblood                Tmut           3%         N/A       30%         2
 Magic Dart               Conj           0%         1d3       36%         1
 Searing Ray              Conj           0%         2d4       50%         2
 Spider Form              Tmut/Pois      1%         N/A       63%         3
 Ozocubu's Armour         Ice            0%         N/A       73%         3
 Ice Form                 Ice/Tmut       1%         N/A       95%         4
 Fulminant Prism          Conj/Hex       0%         3d6       98%         4
 Metabolic Englaciation   Hex/Ice        0%         N/A       100%        5
 Simulacrum               Ice/Necr       Unusable   N/A       N/A         6

Dungeon Overview and Level Annotations

Branches:
Dungeon (8/15)             Temple (1/1) D:5            Lair (0/5) D:8
  Sewer (visited)          Bailey (1/1)

Altars:
Ashenzari
Cheibriados
Hepliaklqana
Kikubaaqudgha
Okawaru
Qazlal
Sif Muna
Trog
Uskayaw
Vehumet
Xom
Zin
The Shining One

Annotations:
D:3 Grinder


Innate Abilities, Weirdness & Mutations

You have temporarily grown beastly horns and talons.
You are too large for most types of armour.
You have claws for hands.
Your natural rate of healing is unusually fast.
You are covered in fur. (AC +1)
You have tough skin. (AC +1)


Message History

Aiming: Throw Flame
Press: ? - help, Shift-Dir - straight line, f/p - orc warrior
Aim: an orc warrior, wielding a +0 halberd and wearing a +0 ring mail (strong, 60% to hit)
The puff of flame hits the orc warrior.
The orc warrior is lightly wounded.
Aiming: Throw Flame
Press: ? - help, Shift-Dir - straight line, f/p - orc warrior
Aim: an orc warrior, wielding a +0 halberd and wearing a +0 ring mail (lightly wounded, strong, 60% to hit)
The puff of flame misses the orc warrior.
Casting: Beastly Appendage (safe; 21% risk of failure)
Confirm with . or Enter, or press ? or * to list all spells.
You grow a pair of large bovine horns.
Your feet morph into talons.
Your +1 hat melds into your body.
An orc warrior comes into view. It is wielding a +0 halberd.
You gain the combat prowess of a mighty hero.
Your transformation is almost over.
The orc knight hits you from afar with a +0 halberd!
The orc warrior hits you from afar with a +0 halberd!
The orc knight hits you but does no damage.
The orc warrior hits you with a +0 halberd!!
You closely miss the orc knight. Your kick misses the orc knight.
The orc knight is lightly wounded.
The orc knight barely misses you.
The orc warrior hits you with a +0 halberd!
You mangle the orc knight!!
You claw the orc knight, but do no damage.
The orc knight is heavily wounded.
The orc knight hits you with a +0 halberd!
The orc warrior hits you with a +0 halberd!!
* * * LOW HITPOINT WARNING * * *
You mangle the orc knight!!
The orc knight is almost dead.
You closely miss the orc knight.
You claw the orc knight, but do no damage.
You headbutt the orc knight.
The orc knight is almost dead.
The orc knight hits you with a +0 halberd.
* * * LOW HITPOINT WARNING * * *
The orc warrior hits you with a +0 halberd!!
You die...

♣♣♣♣...#....#...≈≈≈≈≈≈#
♣≈≈≈≈≈#o...#≈≈≈≈≈≈≈≈≈#
≈≈≈≈≈≈≈#....#≈≈≈≈≈≈≈♣♣#
≈≈≈≈≈≈≈#..).#≈≈≈≈≈≈.♣
≈≈≈≈≈≈≈#..).#≈≈≈≈...♣
#≈≈≈....#....#......♣♣
≈≈........).......♣♣
..♣.♣...oo..♣♣.##
♣........@...♣.#
##............#
##.....))...##
#..........#
#♣..∩..∩..♣# ♣........♣
♣♣......♣♣ ♣♣♣♣♣♣♣♣


You could see an orc knight and 2 orc warriors.

Vanquished Creatures
  The ghost of Sabo the Chopper, a novice DsBe of Trog (D:6)
  Joseph (D:6)
  Prince Ribbit (D:6)
  A wyvern (D:6)
  Edmund (D:5)
  2 water moccasins
  Duvessa (D:7)
  A sky beast (D:7)
  3 black bears
  3 orc warriors (Bailey)
  An ice beast (D:6)
  An ogre (D:5)
  A centaur (D:5)
  A kobold brigand (D:7)
  5 scorpions
  A necrophage (D:7)
  8 wights
  Dowan (D:7)
  5 killer bees (D:7)
  3 howler monkeys
  3 hounds (D:5)
  A gnoll bouda (D:5)
  4 jellies
  Crazy Yiuf (D:7)
  2 orc priests (D:7)
  Terence (D:2)
  5 iguanas
  An orc wizard (D:6)
  9 adders
  4 gnolls (D:5)
  A river rat (Sewer)
  3 white imps
  An ufetubus (D:5)
  2 worms
  3 dart slugs
  13 orcs
  7 ball pythons
  2 bat zombies (D:2)
  9 endoplasms
  10 giant cockroaches
  15 goblins
  4 hobgoblins
  2 jackals (D:2)
  7 quokkas
  4 bats
  17 frilled lizards
  A giant cockroach zombie (D:2)
  10 kobolds
  9 rats
193 creatures vanquished.

Vanquished Creatures (others)
  6 withered plants (D:2)
6 creatures vanquished.

Grand Total: 199 creatures vanquished

Notes
Turn   | Place    | Note
-------+----------+-------------------------------------------
     0 | D:1      | quakins the Troll Transmuter began the quest for the Orb.
     0 | D:1      | Reached XP level 1. HP: 18/18 MP: 1/1
    78 | D:1      | Reached XP level 2. HP: 23/26 MP: 2/2
   206 | D:1      | Reached skill level 4 in Unarmed Combat
   438 | D:1      | Reached XP level 3. HP: 30/32 MP: 3/3
   953 | D:2      | Noticed Terence
   975 | D:2      | Killed Terence
  1052 | D:2      | Reached XP level 4. HP: 39/40 MP: 4/4
  1136 | D:2      | Reached skill level 5 in Unarmed Combat
  1891 | D:3      | Noticed Grinder
  1891 | D:3      | Paralysed by Grinder for 3 turns
  1919 | D:4      | Found a bloodstained altar of Trog.
  1921 | D:4      | Found a glowing silver altar of Zin.
  1969 | D:4      | Found a stormy altar of Qazlal.
  2114 | D:4      | Reached skill level 6 in Unarmed Combat
  2114 | D:4      | Reached XP level 5. HP: 41/46 MP: 5/5
  2189 | D:4      | Found a hide-covered altar of Uskayaw.
  2716 | D:5      | Entered Level 5 of the Dungeon
  2716 | D:5      | Noticed a black bear
  2723 | D:5      | Found a hazy altar of Hepliaklqana.
  2771 | D:5      | Found a staircase to the Ecumenical Temple.
  2794 | D:5      | Reached XP level 6. HP: 54/54 MP: 6/6
  2841 | D:5      | Reached skill level 7 in Unarmed Combat
  2857 | Temple   | Entered the Ecumenical Temple
  2931 | Temple   | Became a worshipper of Warmaster Okawaru
  3055 | D:5      | Found a glowing drain.
  3073 | Sewer    | Entered a sewer
  3205 | Sewer    | Found a viscous altar of Jiyva.
  3389 | D:5      | Reached skill level 8 in Unarmed Combat
  3389 | D:5      | Reached XP level 7. HP: 56/61 MP: 7/7
  3528 | D:5      | Reached * piety under Okawaru
  3533 | D:5      | Reached skill level 9 in Unarmed Combat
  3568 | D:5      | Noticed Edmund
  3578 | D:5      | Killed Edmund
  3715 | D:5      | Reached XP level 8. HP: 64/68 MP: 8/8
  3784 | D:5      | Reached skill level 10 in Unarmed Combat
  3784 | D:5      | Reached skill level 1 in Fighting
  3899 | D:6      | Reached ** piety under Okawaru
  4043 | D:6      | Noticed Prince Ribbit
  4065 | D:6      | Killed Prince Ribbit
  4189 | D:6      | Found a runed translucent door.
  4194 | D:6      | Noticed Sabo's ghost (novice DsBe)
  4530 | D:6      | Reached skill level 5 in Fighting
  4665 | D:6      | Killed Sabo's ghost
  4665 | D:6      | Reached *** piety under Okawaru
  4666 | D:6      | Reached XP level 9. HP: 74/89 MP: 9/9
  4856 | D:7      | Noticed Joseph
  4975 | D:6      | Killed Joseph
  4975 | D:6      | Reached **** piety under Okawaru
  5276 | D:7      | Noticed Dowan
  5277 | D:7      | Noticed Duvessa
  5292 | D:7      | Killed Duvessa
  5308 | D:7      | Killed Dowan
  5537 | D:7      | Found a runed translucent door.
  5538 | D:7      | Noticed Crazy Yiuf
  5578 | D:7      | Reached XP level 10. HP: 107/107 MP: 10/10
  5610 | D:7      | Killed Crazy Yiuf
  5675 | D:8      | Found a staircase to the Lair.
  5675 | D:8      | Found a flagged portal.
  5704 | D:8      | Received a gift from Okawaru
  5720 | Bailey   | Entered a bailey
  5938 | Bailey   | Noticed an orc knight
  5956 | Bailey   | Demolished by an orc warrior

Illustrated notes

Levels and vault maps discovered:
D:1:      dpeg_arrival_shelter, layout_basic, item_on_display_a
D:2:      layout_loops_ring, serial_undead, serial_undead_f, serial_undead_b,
          serial_undead_a, serial_undead_b, minmay_lizard_pond, uniq_terence
D:3:      minmay_skewed_foursquare, layout_basic, lemuel_coloured_pillars_altar,
          dreamdust_ecumenical_altar_sealed_demon, uniq_sigmund, uniq_grinder
D:4:      layout_gridville, lemuel_round_altar,
          mainiacjoe_overflow_catwalk_spiral, overflow_temple_1_default
D:5:      layout_rooms, mainiacjoe_overflow_surrounded_room,
          minmay_temple_entry_overgrown, gup_sewer_entry_bubbles,
          wad_rectangle_vault, uniq_edmund
D:6:      layout_loops_ring, ebering_ghost_reflecting_pool, uniq_prince_ribbit1
D:7:      layout_basic, uniq_duvessa, uniq_joseph, uniq_crazy_yiuf_cottage
D:8:      layout_layer_cave, makhleb_altar_promises_db,
          nicolae_ru_path_of_blood, lair_entry_dummy, enter_bailey_5
Temple:   bh_familiar_temple
Bailey:   bailey_polearm_elven_captive_hellmonk, bailey

Skill      XL: |  1  2  3  4  5  6  7  8  9 |
---------------+----------------------------+-----
Unarmed Combat | 4 6 8 9 10 | 10.0
Fighting       | 6 9 |  9.7
Dodging        | |  1.5
Spellcasting   | |  1.2
Transmutations | |  1.3

Action                   |  1- 3 |  4- 6 |  7- 9 | 10-12 || total
-------------------------+-------+-------+-------+-------++-------
Melee: Unarmed           |    83 |   181 |   232 |    46 ||   542
       Punch             |     2 |     6 |    11 |     2 ||    21
       Kick              |       |       |     2 |     2 ||     4
       Headbutt          |       |       |       |     1 ||     1
 Cast: Beastly Appendage |       |       |     1 |     1 ||     2
Invok: Heroism           |       |       |     3 |     2 ||     5
Evoke: Wand              |       |       |       |     4 ||     4
  Use: Potion            |     1 |     1 |       |       ||     2
       Scroll            |       |       |     5 |       ||     5
Armor: Robe              |    28 |    51 |    56 |    13 ||   148
       Skin              |     2 |    44 |       |       ||    46
Dodge: Dodged            |    40 |    83 |    83 |    19 ||   225
